 Dungeon Crawl Stone Soup version 0.19-a0-1291-gc8f5409 (webtiles) character file.

6367 TheGoonsmith the Destroyer (level 10, -15/69 HPs)
             Began as a Yellow Draconian Conjurer on Aug 30, 2016.
             Was a High Priest of Sif Muna.
             Demolished by a hill giant
             ... wielding a +0 giant club
              (30 damage)
             ... on level 9 of the Dungeon.
             The game lasted 00:33:50 (13260 turns).

TheGoonsmith the Destroyer (DrCj)                  Turns: 13260, Time: 00:33:51

Health: -15/69     AC: 12    Str: 11    XL:     10   Next: 65%
Magic:  17/22      EV: 13    Int: 19    God:    Sif Muna [*****.]
Gold:   192        SH:  3    Dex: 11    Spells: 5 memorised, 9 levels left

rFire  . . .     SeeInvis .     u - +1 whip (elec)
rCold  . . .     Gourm    .     (armour unavailable)
rNeg   . . .     Faith    .     J - +0 buckler
rPois  .         Spirit   .     G - +2 hat
rElec  .         Dismiss  .     (no cloak)
rCorr  +         Reflect  .     F - +2 pair of gloves
MR     .....     Harm     .     (no boots)
Stlth  ++........               (no amulet)
                                A - +1 ring of evasion
                                z - ring of wizardry

@: about to teleport, divine energy
A: spit acid, acid resistance, unfitting armour, cold-blooded, AC +7
a: Spit Acid, Stop Divine Energy, Channel Magic, Forget Spell, Renounce Religion


You were on level 9 of the Dungeon.
You worshipped Sif Muna.
Sif Muna was extremely pleased with you.
You were not hungry.

You visited 1 branch of the dungeon, and saw 10 of its levels.

You collected 576 gold pieces.
You spent 384 gold pieces at shops.

Inventory:

Hand Weapons
 e - a +0 dagger
 h - a +0 quarterstaff
 u - a +1 whip of electrocution (weapon)
 y - a +2 flail of holy wrath
Missiles
 j - 12 javelins (quivered)
Armour
 F - a +2 pair of gloves (worn)
 G - a +2 hat (worn)
 J - a +0 buckler (worn)
Magical Staves
 v - an uncursed staff of air
 x - an uncursed staff of poison
Jewellery
 z - a ring of wizardry (left hand)
 A - a +1 ring of evasion (right hand)
 M - an uncursed amulet of rage {unknown}
Scrolls
 f - 2 scrolls of amnesia
 i - 2 scrolls of teleportation
 k - a scroll of fear
 n - 5 scrolls of remove curse
 o - 2 scrolls of magic mapping
 r - 5 scrolls of identify
 D - a scroll of vulnerability {unknown}
 E - a scroll of recharging
 L - a scroll of immolation {unknown}
Potions
 c - 2 potions of cure mutation
 d - a potion of heal wounds
 g - 4 potions of resistance
 p - a potion of flight
 s - 3 potions of might
 t - a potion of brilliance
 C - 2 potions of haste
 H - a potion of degeneration
Books
 a - a book of Conjurations

   Spells                             Type                      Level
   a - Magic Dart                     Conjuration                  1
   b - Searing Ray                    Conjuration                  2
   c - Dazzling Spray                 Conjuration/Hexes            3
   d - Fulminant Prism                Conjuration/Hexes            4
   e - Iskenderun's Mystic Blast      Conjuration                  4
   f - Iskenderun's Battlesphere      Conjuration/Charms           5
 m - Sif Muna's Papyrus of Burning Conjuration
   (Sif Muna gifted it to you on level 10 of the Dungeon)

   Spells                             Type                      Level
   a - Throw Frost                    Conjuration/Ice              2
   b - Conjure Flame                  Conjuration/Fire             3
   c - Stone Arrow                    Conjuration/Earth            3
   d - Ignite Poison                  Fire/Transmutation/Poison    3
   e - Iron Shot                      Conjuration/Earth            6
   f - Bolt of Fire                   Conjuration/Fire             6
 q - a book of Summonings

   Spells                             Type                      Level
   a - Recall                         Summoning/Translocation      3
   b - Aura of Abjuration             Summoning                    5
   c - Summon Demon                   Summoning                    5
   d - Summon Forest                  Summoning/Translocation      5
   e - Summon Mana Viper              Hexes/Summoning              5
   f - Shadow Creatures               Summoning                    6
Miscellaneous
 I - a sack of spiders
 K - a box of beasts
Comestibles
 b - 8 bread rations
 l - 8 meat rations
 w - 2 slices of pizza
 B - 3 fruits


   Skills:
 + Level 3.3 Dodging
 - Level 1.7 Stealth
 - Level 8.3 Spellcasting
 - Level 11.0 Conjurations
 - Level 3.0 Hexes
 - Level 7.0 Charms


You had 9 spell levels left.
You knew the following spells:

 Your Spells              Type           Power        Failure   Level  Hunger
a - Magic Dart            Conj           ####         1%          1    None
b - Searing Ray           Conj           #####.       1%          2    None
c - Fulminant Prism       Conj/Hex       ####......   4%          4    ###....
d - Iskenderun's Mystic   Conj           #####...     1%          4    ###....
z - Iskenderun's Battles  Conj/Chrm      #####...     4%          5    #####..


Dungeon Overview and Level Annotations

Branches:
Dungeon (10/15)            Temple (0/1) D:5
   Lair: D:8-11         Orc: D:9-12

Altars:
Ashenzari
Elyvilon
Fedhas
Kikubaaqudgha
Okawaru
Ru
Sif Muna

Shops:
D:4 *   D:7 =   D:8 =((*!


Innate Abilities, Weirdness & Mutations

You can spit globs of acid.
You are resistant to acid.
Your golden yellow scales are hard. (AC +7)
Your body does not fit into most forms of armour.
You are cold-blooded and may be slowed by cold attacks.


Message History

You climb downwards.
The hill giant misses you. The two-headed ogre barely misses you.
The two-headed ogre hits you with a giant club!
There is a stone staircase leading up, spattered with blood here.
The hill giant barely misses you.
The two-headed ogre hits you but does no damage.
The two-headed ogre closely misses you.
You climb upwards.
There is a stone staircase leading down here.
Casting: Fulminant Prism
Confirm with . or Enter, or press ? or * to list all spells.
You conjure a globe of magical energy.
The hill giant hits you with a giant club!!
The two-headed ogre hits you but does no damage.
The two-headed ogre hits you with a giant club!
* * * LOW HITPOINT WARNING * * *
As you read the scroll of teleportation, it crumbles to dust.
You feel strangely unstable.
The hill giant hits you with a giant club!!
You die...

≈....⌠...# #.# .........#
#.# ####..#.##
#########.# ##...#
#.........# #######.#
#.######### .)......# #.#
.(......#### ##.##
...........##########...#
.#####.###....*O@C......#
## #.# ############...#
#.# ##### #.# ######(#
)†)..((# ########


You could see a hill giant, a two-headed ogre and a friendly battlesphere.

Vanquished Creatures
  A cyclops (D:10)
  Joseph (D:9)
  Psyche (D:9)
  A troll (D:9)
  A slime creature (D:10)
  A vampire (D:9)
  5 yaks (D:10)
  The ghost of Heartnet the Slasher, an amateur DrSk of Okawaru (D:3)
  2 hippogriffs
  2 orc warriors (D:7)
  An ice beast (D:5)
  4 phantoms
  A sky beast (D:6)
  A wasp (D:7)
  A black bear (D:9)
  3 ogres
  A centaur (D:10)
  A big kobold (D:9)
  2 gnoll sergeants
  7 giant frogs
  2 scorpions
  A killer bee (D:10)
  3 crimson imps
  A jelly (D:10)
  A centaur zombie (D:6)
  2 quasits
  2 orc priests
  A hound (D:9)
  A giant frog zombie (D:6)
  6 gnoll shamans (D:5)
  A centaur skeleton (D:4)
  A giant frog skeleton (D:8)
  4 iguanas
  3 orc wizards
  3 worker ants
  A killer bee zombie (D:10)
  2 hound skeletons
  2 worker ant zombies (D:6)
  10 adders
  46 gnolls
  4 shadow imps
  An ooze (D:3)
  4 worms
  8 giant geckos
  35 orcs
  A ball python (D:3)
  4 giant cockroaches
  13 goblins
  11 hobgoblins
  32 jackals
  2 quokkas
  6 bats
  7 giant newts
  17 kobolds
  5 rats
281 creatures vanquished.

Vanquished Creatures (others)
  21 fulminant prisms
21 creatures vanquished.

Grand Total: 302 creatures vanquished

Notes
Turn   | Place    | Note
-------+----------+-------------------------------------------
     0 | D:1      | TheGoonsmith the Draconian Conjurer began the quest for the Orb.
     0 | D:1      | Reached XP level 1. HP: 14/14 MP: 3/3
   341 | D:1      | Reached XP level 2. HP: 20/20 MP: 1/5
  1009 | D:2      | Reached XP level 3. HP: 24/26 MP: 0/6
  1065 | D:2      | Found a white marble altar of Elyvilon.
  1352 | D:2      | Reached skill level 5 in Conjurations
  1496 | D:2      | Learned a level 2 spell: Searing Ray
  1605 | D:2      | Reached XP level 4. HP: 32/33 MP: 1/8
  1913 | D:3      | Noticed Heartnet's ghost (amateur DrSk)
  2147 | D:3      | Learned a level 4 spell: Fulminant Prism
  2216 | D:3      | Found a shattered altar of Ashenzari.
  2419 | D:3      | Found a deep blue altar of Sif Muna.
  2948 | D:3      | Killed Heartnet's ghost
  2948 | D:3      | Reached skill level 6 in Conjurations
  2948 | D:3      | Reached skill level 1 in Hexes
  2948 | D:3      | Reached XP level 5. HP: 10/38 MP: 6/10
  3215 | D:3      | Became a worshipper of Sif Muna the Loreminder
  3329 | D:3      | Reached XP level 6. HP: 43/45 MP: 4/11
  4004 | D:4      | Found a blossoming altar of Fedhas.
  4090 | D:4      | Found Wunoakie's Assorted Antiques.
  4100 | D:4      | Bought a red potion for 23 gold pieces
  4100 | D:4      | Bought a smoky blue potion for 23 gold pieces
  4100 | D:4      | Bought a scroll of identify for 52 gold pieces
  4100 | D:4      | Found an iron altar of Okawaru.
  4279 | D:5      | Entered Level 5 of the Dungeon
  4332 | D:5      | Found a staircase to the Ecumenical Temple.
  4382 | D:5      | Noticed an ice beast
  4391 | D:5      | Killed an ice beast
  4391 | D:5      | Reached skill level 7 in Conjurations
  4391 | D:5      | Your scales start taking on a golden yellow colour.
  4391 | D:5      | Reached XP level 7. HP: 50/50 MP: 1/13
  4542 | D:5      | Reached * piety under Sif Muna
  5477 | D:5      | Learned a level 5 spell: Iskenderun's Battlesphere
  5497 | D:5      | Reached ** piety under Sif Muna
  5642 | D:5      | Reached skill level 1 in Charms
  5685 | D:5      | Reached XP level 8. HP: 52/57 MP: 0/15
  5813 | D:5      | Reached skill level 5 in Spellcasting
  5942 | D:5      | Reached skill level 8 in Conjurations
  7628 | D:6      | Reached *** piety under Sif Muna
  8069 | D:7      | Found a sacrificial altar of Ru.
  8078 | D:7      | Reached skill level 9 in Conjurations
  8083 | D:7      | Reached XP level 9. HP: 55/62 MP: 4/18
  8228 | D:7      | Found Gofigeaf's Jewellery Shoppe.
  9530 | D:7      | Reached **** piety under Sif Muna
  9581 | D:8      | Found Asipneck's Assorted Antiques.
  9904 | D:8      | Bought a pair of runed gloves for 126 gold pieces
  9904 | D:8      | Bought an embroidered hat for 112 gold pieces
  9935 | D:8      | Found Geruocig's Distillery.
  9943 | D:8      | Bought a potion of degeneration for 12 gold pieces
  9943 | D:8      | Bought a potion of curing for 36 gold pieces
 10058 | D:8      | Learned a level 4 spell: Iskenderun's Mystic Blast
 10073 | D:8      | Found Roopunar's Antique Weapon Boutique.
 10138 | D:8      | Found Kafo's Jewellery Emporium.
 10227 | D:8      | Reached skill level 5 in Charms
 10640 | D:8      | Found Cuaxues's Weapon Emporium.
 10703 | D:9      | Noticed Joseph
 10715 | D:9      | Noticed a troll
 10723 | D:9      | Killed Joseph
 10725 | D:9      | Killed a troll
 10725 | D:9      | Reached skill level 10 in Conjurations
 11006 | D:9      | Noticed Psyche
 11083 | D:9      | Killed Psyche
 11083 | D:9      | Reached XP level 10. HP: 61/69 MP: 17/21
 11361 | D:9      | Found an ancient bone altar of Kikubaaqudgha.
 11611 | D:9      | Reached ***** piety under Sif Muna
 11904 | D:10     | Entered Level 10 of the Dungeon
 12299 | D:10     | Identified Sif Muna's Papyrus of Burning Conjuration (Sif Muna gifted it to you on level 10 of the Dungeon)
 12299 | D:10     | Received a gift from Sif Muna
 12483 | D:10     | Noticed a cyclops
 12489 | D:10     | Killed a cyclops
 12726 | D:10     | Noticed a hill giant
 12748 | D:9      | Reached skill level 11 in Conjurations
 13260 | D:9      | Demolished by a hill giant

Vault maps used:
D:1:      dpeg_arrival_lava_temple_mockup
D:2:      elyvilon_altar_1
D:3:      lemuel_doored_altar, overflow_temple_1_default
D:4:      okawaru_ov_weapons_minmay, lemuel_coloured_pillars_altar,
          serial_shops, shop, kennysheep_cluttered_room
D:5:      lemuel_castle_with_subvaults, first_bread
D:6:      nicolae_overflow_hidden_temple, st_stairs_4
D:7:      corexii_shantytown, nicolae_ru_sacrificial_ziggurat, serial_shops,
          shop
D:8:      serial_shops, shop_statue, nicolae_shop_competitors_out_of_business,
          nicolae_shop_stone, shop, shop
D:9:      kiku_gazebo_pond_becter, uniq_psyche, uniq_joseph

Skill      XL: |  1  2  3  4  5  6  7  8  9 10 |
---------------+-------------------------------+-----
Conjurations   | 5 6 7 9 10 11 | 11.0
Spellcasting   | 3 4 6 7 8 |  8.3
Hexes          | 1 2 3 |  3.0
Charms         | 1 3 6 7 |  7.0
Dodging        | 3 |  3.3
Stealth        | |  1.7

Action                   |  1- 3 |  4- 6 |  7- 9 | 10-12 || total
-------------------------+-------+-------+-------+-------++-------
Melee: Dagger            |    37 |    36 |       |       ||    73
       Tailslap          |     4 |     1 |     7 |     3 ||    15
       Unarmed           |     2 |       |       |       ||     2
       Whip              |       |     2 |    59 |    14 ||    75
       Quarterstaff      |       |     1 |       |       ||     1
 Cast: Magic Dart        |    66 |   121 |   405 |   114 ||   706
       Searing Ray       |       |    13 |    35 |    13 ||    61
       Fulminant Prism   |       |     1 |    12 |     8 ||    21
       Iskenderun's Batt |       |       |     3 |     9 ||    12
       Iskenderun's Myst |       |       |       |     2 ||     2
Invok: Divine Energy     |       |       |     2 |       ||     2
       Stop Divine Energ |       |       |     1 |       ||     1
 Abil: Spit Acid         |       |       |     3 |     2 ||     5
  Use: Potion            |       |     5 |     3 |     3 ||    11
       Scroll            |       |     3 |    13 |     2 ||    18
  Eat: Chunk             |     3 |     7 |    20 |     7 ||    37
       Pizza             |       |     1 |       |       ||     1
       Bread ration      |       |       |     1 |       ||     1
       Fruit             |       |       |       |     2 ||     2
       Beef jerky        |       |       |       |     1 ||     1
Armor: Skin              |    16 |    25 |    75 |    43 ||   159
Dodge: Dodged            |    34 |    37 |   160 |    57 ||   288
Block: Buckler           |       |       |       |    12 ||    12
